 Dungeon Crawl Stone Soup version 0.24-a0-549-g45f0056d81 (webtiles) character file.

Game seed: 7717312660613804113

8307 DEFE the Covert (level 11, -11/63 HPs)
             Began as an Octopode Artificer on Aug 14, 2019.
             Was an Elder of Sif Muna.
             Mangled by a two-headed ogre
             ... wielding a +0 giant club
              (21 damage)
             ... on level 9 of the Dungeon on Aug 19, 2019.
             The game lasted 00:37:56 (14925 turns).

DEFE the Covert (Octopode Artificer)               Turns: 14925, Time: 00:37:57

Health: -11/63     AC:  1    Str: 12    XL:     11   Next: 28%
Magic:  27/27      EV: 18    Int: 17    God:    Sif Muna [****..]
Gold:   1432       SH:  2    Dex: 12    Spells: 12/15 levels left

rFire    . . .     SeeInvis .     - Unarmed
rCold    . . .     Gourm    .   (no shield)
rNeg     . . .     Faith    .   (helmet restricted)
rPois    .         Spirit   .   z - +2 amulet of reflection
rElec    .         Reflect  +   i - ring of magical power
rCorr    .         Harm     .   (no ring)
MR       .....                  (no ring)
Stlth    +++++.....             (no ring)
HPRegen  0.20/turn              (no ring)
MPRegen  0.20/turn              (no ring)
                                (no ring)
                                (no ring)

@: no status effects
A: almost no armour, stealthy swim, amphibious, 8 rings, constrict 8, camouflage
1, gelatinous body 1
a: Channel Magic, Forget Spell, Divine Exegesis, Renounce Religion


You were on level 9 of the Dungeon.
You worshipped Sif Muna.
Sif Muna was greatly pleased with you.
You were not hungry.

You visited 1 branch of the dungeon, and saw 9 of its levels.
You also visited: Sewer and Bailey.

You collected 1432 gold pieces.

Inventory:

Missiles
 n - 8 atropa-tipped darts
 F - 20 poisoned darts (quivered)
Magical Staves
 b - an uncursed staff of cold
 m - an uncursed staff of earth
Jewellery
 e - an uncursed amulet of the gourmand
 i - a ring of magical power (left tentacle)
 z - a +2 amulet of reflection (around mantle)
Wands
 a - a wand of digging (2)
Scrolls
 j - 2 scrolls of fog
 l - a scroll of amnesia
 q - 4 scrolls of remove curse
 r - a scroll of enchant weapon
 t - 2 scrolls of immolation
 y - a scroll of fear {unknown}
 B - a scroll of brand weapon {unknown}
 D - 3 scrolls of teleportation {unknown}
 E - a scroll of noise {unknown}
Potions
 h - a potion of invisibility {unknown}
 k - a potion of brilliance {unknown}
 p - 2 potions of curing
 u - a potion of resistance {unknown}
 v - 2 potions of haste
 x - a potion of agility {unknown}
 A - a potion of degeneration {unknown}
 C - a potion of flight {unknown}
Comestibles
 f - 15 rations


   Skills:
 - Level 1.1 Fighting
   Level 1.0 Short Blades
 - Level 8.9 Dodging
 - Level 10.3 Stealth
 + Level 9.0 Unarmed Combat
 + Level 2.5 Spellcasting
 - Level 10.2 Evocations


You had 12 spell levels left.
You knew the following spells:

 Your Spells              Type           Power        Failure   Level  Hunger
a - Mephitic Cloud        Conj/Pois/Air  #.......     50%         3    ###....

Your spell library contained the following spells:

 Spells                   Type           Power        Failure   Level  Hunger
 Flame Tongue             Conj/Fire      #....        19%         1    #......
 Magic Dart               Conj           #...         19%         1    #......
 Blink                    Tloc           N/A          28%         2    ##.....
 Call Imp                 Summ           #.......     28%         2    ##.....
 Slow                     Hex            #.......     28%         2    ##.....
 Throw Flame              Conj/Fire      #.....       28%         2    ##.....
 Conjure Flame            Conj/Fire      #.......     50%         3    ###....
 Inner Flame              Hex/Fire       #.......     50%         3    ###....
 Sticky Flame             Conj/Fire      #.......     88%         4    #####..
 Fireball                 Conj/Fire      #.........   99%         5    ######.


Dungeon Overview and Level Annotations

Branches:
Dungeon (9/15)             Temple (0/1) D:7            Lair (0/6) D:9
    Orc: D:9-12

Altars:
Fedhas
Okawaru
Ru
Sif Muna
Trog
Uskayaw
Vehumet

Shops:
D:4 }

Annotations:
D:5 exclusion: statue
D:9 2 transporters


Innate Abilities, Weirdness & Mutations

You cannot wear most types of armour.
You are very stealthy in the water. (Stealth+)
You are amphibious.
You can wear up to eight rings at the same time.
You can use your tentacles to constrict eight enemies at once.
Your skin changes colour to match your surroundings (Stealth+).
Your rubbery body absorbs attacks. (AC +1, EV +1)


Message History

Unknown command.
Throwing (i - inventory. (/) - cycle)
F - 22 poisoned darts (quivered)
Aim: a two-headed ogre, wielding a +0 giant club and a +0 giant spiked club (lightly wounded, poisoned)
You throw a poisoned dart.
The poisoned dart hits the two-headed ogre.
The two-headed ogre looks even sicker.
The kobold demonologist shouts!
You hear a shout!
Throwing (i - inventory. (/) - cycle)
F - 21 poisoned darts (quivered)
Aim: a two-headed ogre, wielding a +0 giant club and a +0 giant spiked club (lightly wounded, poisoned)
You throw a poisoned dart.
The poisoned dart hits the two-headed ogre.
You bludgeon the two-headed ogre!
The two-headed ogre hits you with a +0 giant club!!
The two-headed ogre hits you with a +0 giant spiked club!!
* * * LOW HITPOINT WARNING * * *
You take 53 damage, and have 10/63 hp.
MASSIVE DAMAGE!!
You completely miss the two-headed ogre.
The two-headed ogre hits you with a +0 giant club!!
You die...

########..#.≈≈⌠≈≈.#.* #........
..........#K≈≈≈P≈o#.#####........
..........#o≈...≈K#..............
[....####.#K≈...≈K#.##..#########
####.####.####+####.##..######***
####......#≈.(:(.≈#.##.........,,
..........#8P$©$P8#............,,
..........#########.....######.,,
#########.....©.@O((##..# *,,*
##......######..# *,,* #.....##
#..# *,,* ##########..####
#..#*****,,*
............##########...,,,,,,,*
......................####***,,,,
..........#######....##*******,**
..........#######.####**.,,,**,**
.....................#..#,,,**,,>


You could see a two-headed ogre, 4 kobold demonologists and 2 orc priests.

Vanquished Creatures
  Erica (D:9)
  A two-headed ogre (D:8)
  An unseen horror (D:9)
  Prince Ribbit (D:5)
  Grinder (D:6)
  3 hippogriffs
  Sigmund (D:4)
  A wyvern (D:7)
  5 yaks
  Eustachio (D:6)
  A hungry ghost (D:8)
  Edmund (D:5)
  A water moccasin (D:9)
  An ice beast (D:8)
  4 orc warriors
  Purgy (Sewer)
  A phantom (D:7)
  3 ogres
  A necrophage (D:6)
  4 centaurs
  A crocodile (D:9)
  Blork the orc (D:4)
  A big kobold (D:7)
  6 bullfrogs
  A wyvern zombie (D:6)
  A gnoll sergeant (D:6)
  3 scorpions
  A howler monkey (D:4)
  2 crimson imps
  A quasit (D:6)
  A bullfrog skeleton (D:6)
  4 hounds
  13 orc priests
  2 jellies
  11 orc wizards
  4 iguanas
  9 worker ants
  A killer bee zombie (D:7)
  A hound zombie (D:8)
  2 hound skeletons
  A howler monkey zombie (D:6)
  A worker ant zombie (D:6)
  5 gnolls
  8 adders
  4 shadow imps
  An adder zombie (D:8)
  3 adder skeletons
  6 dart slugs
  7 leopard geckos
  50 orcs
  9 giant cockroaches
  8 goblins
  5 hobgoblins
  13 jackals
  4 quokkas
  5 bats
  3 frilled lizards
  A jackal skeleton (D:7)
  27 kobolds
  A leopard gecko skeleton (D:6)
  2 quokka skeletons
  4 rats
  A fungus (D:2)
269 creatures vanquished.

Vanquished Creatures (collateral kills)
  An orc warrior (Bailey)
  An orc priest (D:8)
  A gnoll (Bailey)
  An adder (D:2)
  An orc (D:8)
  5 goblins (Bailey)
  3 hobgoblins
13 creatures vanquished.

Vanquished Creatures (others)
  A yak (D:9)
  An orc warrior (Bailey)
  An orc wizard (D:8)
  A goblin (D:2)
  A hobgoblin (D:2)
  A quokka (D:2)
  A fungus (D:9)
  6 toadstools (D:2)
13 creatures vanquished.

Grand Total: 295 creatures vanquished

Notes
Turn   | Place    | Note
-------+----------+-------------------------------------------
     0 | D:1      | DEFE the Octopode Artificer began the quest for the Orb.
     0 | D:1      | Reached XP level 1. HP: 13/13 MP: 3/3
   411 | D:1      | Reached XP level 2. HP: 15/18 MP: 4/4
   939 | D:2      | Reached XP level 3. HP: 23/23 MP: 5/5
  1358 | D:2      | Reached skill level 1 in Unarmed Combat
  1424 | D:2      | HP: 1/23 [hound (4)]
  1425 | D:2      | Reached XP level 4. HP: 2/28 MP: 7/7
  1985 | D:3      | Noticed a +0 dagger
  1986 | D:3      | Found a hide-covered altar of Uskayaw.
  1988 | D:3      | Noticed a +3 hand axe
  2197 | D:3      | Reached XP level 5. HP: 12/33 MP: 8/8
  3520 | D:4      | Found a glowing drain.
  3520 | D:4      | Noticed Sigmund
  3579 | D:4      | Reached XP level 6. HP: 20/38 MP: 9/9
  3720 | D:4      | Killed Sigmund
  3720 | D:4      | Reached skill level 5 in Evocations
  3755 | Sewer    | Entered a sewer
  3814 | Sewer    | Noticed Purgy
  3828 | Sewer    | Killed Purgy
  3828 | Sewer    | Reached skill level 5 in Stealth
  3828 | Sewer    | Reached XP level 7. HP: 29/43 MP: 11/11
  4259 | D:4      | Found a shimmering blue altar of Sif Muna.
  4262 | D:4      | Became a worshipper of Sif Muna the Loreminder
  4397 | D:4      | Found Meg Unuw's Gadget Emporium.
  5152 | D:4      | Reached XP level 8. HP: 48/48 MP: 12/12
  5201 | D:4      | Noticed Blork the orc
  5205 | D:4      | Killed Blork the orc
  5351 | D:5      | Entered Level 5 of the Dungeon
  5549 | D:5      | Noticed Prince Ribbit
  5573 | D:5      | Killed Prince Ribbit
  5573 | D:5      | Reached skill level 5 in Dodging
  6078 | D:5      | Reached skill level 5 in Unarmed Combat
  6103 | D:5      | Reached * piety under Sif Muna
  6103 | D:5      | Reached XP level 9. HP: 10/53 MP: 14/14
  6542 | D:5      | Noticed Edmund
  6555 | D:5      | Killed Edmund
  6611 | D:5      | Found a radiant altar of Vehumet.
  7248 | D:6      | Found a blossoming altar of Fedhas.
  7248 | D:6      | Found a sacrificial altar of Ru.
  7248 | D:6      | Found a bloodstained altar of Trog.
  7556 | D:6      | Noticed Eustachio
  7560 | D:6      | Killed Eustachio
  8014 | D:6      | Noticed Grinder
  8024 | D:6      | Killed Grinder
  8430 | D:6      | Reached ** piety under Sif Muna
  8895 | D:7      | Found a staircase to the Ecumenical Temple.
  9594 | D:7      | Reached XP level 10. HP: 37/58 MP: 16/16
  9799 | D:7      | Reached skill level 10 in Stealth
 10728 | D:8      | Noticed a two-headed ogre
 10819 | D:8      | Reached *** piety under Sif Muna
 10959 | D:8      | Killed a two-headed ogre
 12252 | D:9      | P0WERM0DE: https://youtu.be/2H1IyExZ6q4?t=284
 12273 | D:8      | P0WERM0DE: D;
 12273 | D:8      | DEFE: hi
 12273 | D:8      | P0WERM0DE: peace
 12274 | D:9      | Noticed a two-headed ogre
 12275 | D:9      | Found an iron altar of Okawaru.
 12280 | D:9      | Found a transporter.
 12285 | D:9      | Noticed Erica
 12308 | D:9      | HP: 2/58 [something (9)]
 12310 | D:9      | Killed an unseen horror
 12326 | D:9      | Killed Erica
 12326 | D:9      | Reached skill level 10 in Evocations
 12326 | D:9      | Reached XP level 11. HP: 31/63 MP: 18/18
 12335 | D:9      | P0WERM0DE: !lg . op xl>17 -log
 12341 | D:9      | beem: 48. p0werm0de, XL27 OpAM, T:28734:
                  | https://crawl.kelbi.org/crawl/morgue/p0werm0de/morgue-p0wer
                  | m0de-20190814-022212.txt
 12364 | D:9      | P0WERM0DE: :(
 12364 | D:9      | P0WERM0DE: FUCKIN MUTATIONS RUINED MY RUN
 12364 | D:9      | P0WERM0DE: oops
 12364 | D:9      | DEFE: ((
 12364 | D:9      | DEFE: hate this too
 12364 | D:9      | DEFE: return my rMut amul!
 12380 | D:9      | Found a flagged portal.
 12382 | D:9      | Reached **** piety under Sif Muna
 12461 | Bailey   | Entered a bailey
 12507 | Bailey   | P0WERM0DE: blurry vision 3, no regen and that with chei
 12509 | Bailey   | P0WERM0DE: dang
 12511 | Bailey   | P0WERM0DE: fml
 12936 | Bailey   | Learned a level 3 spell: Mephitic Cloud
 13070 | Bailey   | Noticed an orc knight
 13285 | D:9      | Found a transporter.
 13341 | D:9      | Reached skill level 1 in Spellcasting
 13369 | D:8      | HP: 3/63 [hippogriff (4)]
 13497 | D:7      | Upgraded the game from 0.24-a0-537-g2d01d4ab0a to
                  | 0.24-a0-549-g45f0056d81
 14628 | D:9      | Noticed an orc sorcerer
 14925 | D:9      | Mangled by a two-headed ogre

Levels and vault maps discovered:
D:1:      dpeg_arrival_circle_labyrinth_a, layout_basic,
          chequers_decorated_corner
D:2:      layout_rooms, minmay_gold_behind_fungi,
          minmay_randomly_rotated_circles
D:3:      layout_basic, dancing_weapons_uskayaw, first_ration
D:4:      cheibrodos_pilgrimage, layout_basic, kennysheep_mini_moat,
          serial_shops, shop_statue, portal_sewer_entry_f, uniq_sigmund,
          uniq_crazy_yiuf_cottage, uniq_blork_the_orc
D:5:      layout_rooms, vehumet_statue, minmay_fractal_squares_diagonal_5,
          uniq_edmund, uniq_prince_ribbit1
D:6:      hangedman_cross_stitches, layout_gridville,
          gammafunk_temple_overflow_claw, uniq_eustachio, uniq_grinder
D:7:      layout_gridville, minmay_temple_entry_junction, serial_glass,
          glass_columns_a, glass_columns_a, glass_columns_a, glass_columns_a,
          glass_columns_a
D:8:      layout_cave_pools
D:9:      gammafunk_wand_slinger, layout_long_grid, david_lair_generic,
          basic_altar, enter_bailey_3, grunt_ogre_cave,
          kennysheep_generic_room_4, uniq_erica

Skill      XL: |  1  2  3  4  5  6  7  8  9 10 11 |
---------------+----------------------------------+-----
Stealth        | 2 3 4 5 6 7 9 10 | 10.3
Evocations     | 4 5 6 7 8 10 | 10.2
Unarmed Combat | 1 2 3 4 5 6 8 9 |  9.0
Dodging        | 3 4 5 7 8 |  8.9
Spellcasting   | 2 |  2.5
Fighting       | |  1.1
Short Blades   | |  1.0

Action                   |  1- 3 |  4- 6 |  7- 9 | 10-12 || total
-------------------------+-------+-------+-------+-------++-------
Melee: Short sword       |    72 |    76 |    12 |       ||   160
       Constrict         |    18 |    20 |    62 |    53 ||   153
       Tentacles         |    12 |    19 |    54 |    45 ||   130
       Punch             |       |     2 |    10 |    10 ||    22
       Unarmed           |       |       |   237 |   280 ||   517
Throw: Dart              |       |       |       |    38 ||    38
Evoke: Wand              |    10 |    16 |    54 |    35 ||   115
  Use: Scroll            |       |     2 |     5 |     4 ||    11
       Potion            |       |     1 |     1 |     5 ||     7
 Stab: Sleeping          |     3 |     6 |     6 |    11 ||    26
       Distracted        |     1 |       |     1 |     1 ||     3
       Confused          |       |       |       |     1 ||     1
       Paralysed         |       |       |       |     1 ||     1
  Eat: Chunk             |     1 |     8 |    11 |     9 ||    29
       Ration            |       |       |     2 |     3 ||     5
Armor: Skin              |     8 |     4 |     9 |     6 ||    27
Dodge: Dodged            |    55 |    49 |   200 |   248 ||   552
Block: Other             |       |       |    13 |    20 ||    33
       Reflection        |       |       |       |     4 ||     4

Table legend:
 A = Non-vault XP
 B = Vault XP
 C = Vault XP percentage of total XP
 D = Non-vault monster count
 E = Vault monster count
 F = Vault count percentage of total count
                 A         B        C        D         E       F
            +---------+---------+-------+---------+---------+-------
      Total |    7961 |    3907 |  32.9 |     200 |      82 |  29.1
            +---------+---------+-------+---------+---------+-------
        D:1 |      28 |       0 |   0.0 |      15 |       0 |   0.0
        D:2 |      32 |      60 |  65.2 |      10 |       5 |  33.3
        D:3 |     147 |       0 |   0.0 |      23 |       0 |   0.0
        D:4 |     460 |     472 |  50.6 |      13 |      14 |  51.9
        D:5 |     551 |     705 |  56.1 |      15 |       8 |  34.8
        D:6 |     780 |     871 |  52.8 |      31 |      12 |  27.9
        D:7 |    1665 |       0 |   0.0 |      38 |       0 |   0.0
        D:8 |    2602 |       0 |   0.0 |      43 |       0 |   0.0
        D:9 |    1696 |    1357 |  44.4 |      12 |       7 |  36.8
      Sewer |       0 |     144 | 100.0 |       0 |       6 | 100.0
     Bailey |       0 |     298 | 100.0 |       0 |      30 | 100.0
            +---------+---------+-------+---------+---------+-------
